 Dungeon Crawl Stone Soup version 0.17.1-3-g152610e (webtiles) character file.

935620 theElss the Conqueror (level 27, -2/199 HPs)
             Began as a Gargoyle Berserker on Mar 15, 2016.
             Was the Champion of the Shining One.
             Killed from afar by a hellion (24 damage)
             ... with a burst of hellfire
             ... on level 7 of Gehenna on Mar 16, 2016.
             The game lasted 08:57:53 (109874 turns).

theElss the Conqueror (Gargoyle Berserker)        Turns: 109874, Time: 08:57:53

Health: -2/199     AC: 66    Str: 32    XL:     27
Magic:  35/35      EV: 14    Int:  6    God:    the Shining One [******]
Gold:   11131      SH: 28    Dex: 14    Spells: 0 memorised, 26 levels left

rFire  + + .     SeeInvis .     T - +12 eveningstar "Wiwaimp" {speed, rPois}
rCold  + + +     Rnd*Rage +     o - +11 gold dragon armour
rNeg   + + +     SustAt   +     x - +0 large shield {rC+}
rPois  ∞         Gourm    .     F - +0 helmet
rElec  +         Spirit   .     N - +0 cloak of Muegot {rC+ MR++ Str+3 Stlth+}
rCorr  .         Warding  .     q - +2 pair of gloves {archery}
rMut   +         Stasis   .     c - +1 pair of boots {run}
MR     ++++.                    Z - amulet of resist mutation
Stlth  ..........               t - ring of Undoing {rC+ rN+ Str+2 Dex+4}
                                b - ring "Xavihuqo" {SustAt +Blink rF+ Stlth+}

@: about to teleport, flying, glowing, quick, incredibly resistant to hostile
enchantments, extremely unstealthy
A: big wings, berserk 1, deterioration 2, dopey 2, low mp 1, negative energy
resistance 1, electricity resistance, weak 2, unbreathing, petrification
resistance, no device heal 1, rot immunity, subdued magic 1, AC +20
a: Stop Flying, Divine Shield, Cleansing Flame, Summon Divine Warrior, Brand
Weapon With Holy Wrath, Renounce Religion, Evoke Blink
}: 6/15 runes: barnacled, slimy, silver, golden, bone, gossamer


You were on level 7 of Gehenna.
You worshipped the Shining One.
The Shining One was exalted by your worship.
You were very hungry.

You visited 16 branches of the dungeon, and saw 81 of its levels.
You visited the Abyss 1 time.
You also visited: Trove and Ice Cave.

You collected 12911 gold pieces.
You spent 1780 gold pieces at shops.

Inventory:

Hand Weapons
 T - the +12 eveningstar "Wiwaimp" (weapon) {speed, rPois}
   (Trog gifted it to you on level 5 of the Lair of Beasts)

   Attacks with this weapon are significantly faster.
   It protects you from poison.
Armour
 c - a +1 pair of boots of running (worn)
 o - a +11 gold dragon armour (worn)
 q - a +2 pair of gloves of archery (worn)
 x - a +0 large shield of cold resistance (worn)
 F - a +0 helmet (worn)
 N - the +0 cloak of Muegot (worn) {rC+ MR++ Str+3 Stlth+}
   (You found it on level 4 of the Shoals)

   It affects your strength (+3).
   It protects you from cold.
   It affects your resistance to hostile enchantments.
   It makes you more stealthy.
Jewellery
 b - the ring "Xavihuqo" (left hand) {SustAt +Blink rF+ Stlth+}
   (You took it off a deep elf summoner on level 3 of the Elven Halls)

   [ring of sustain attributes]

   It sustains your strength, intelligence and dexterity.
   It protects you from fire.
   It lets you blink.
   It makes you more stealthy.
 h - a cursed amulet of inaccuracy {unknown}
 t - the ring of Undoing (right hand) {rC+ rN+ Str+2 Dex+4}
   (You took it off a death knight on level 3 of the Crypt)

   [ring of positive energy]

   It affects your strength (+2).
   It affects your dexterity (+4).
   It protects you from cold.
   It protects you from negative energy.
 w - an uncursed amulet of rage
 y - an uncursed amulet of clarity
 D - an uncursed amulet of regeneration
 Q - an uncursed amulet of resist corrosion
 Y - an uncursed amulet of the gourmand
 Z - an amulet of resist mutation (around neck)
Wands
 f - a wand of digging (5)
 g - a wand of fireball (4)
 j - a wand of flame (19)
 I - a wand of teleportation (4)
Scrolls
 H - 6 scrolls of blinking
 J - 10 scrolls of fog
 K - 9 scrolls of magic mapping
 M - 3 scrolls of silence
 O - 3 scrolls of holy word
 P - 29 scrolls of identify
 S - a scroll of recharging
 U - a scroll of fear
 V - 19 scrolls of remove curse
 X - 24 scrolls of teleportation
Potions
 a - 28 potions of curing
 d - 7 potions of haste
 k - 7 potions of heal wounds
 p - a potion of might
 u - 4 potions of resistance
 R - a potion of agility
 W - 6 potions of cancellation
Books
 m - a Necronomicon

   Spells                             Type                      Level
   a - Haunt                          Necromancy/Summoning         7
   b - Borgnjor's Revivification      Necromancy                   8
   c - Death's Door                   Charms/Necromancy            8
   d - Necromutation                  Transmutation/Necromancy     8
   The Shining One disapproves of the use of such an item.
 r - the Tome of Displaced Clay
   (You found it on level 7 of Gehenna)

   Spells                             Type                      Level
   a - Sandblast                      Earth                        1
   b - Apportation                    Translocation                1
   c - Leda's Liquefaction            Hexes/Earth                  4
   d - Petrify                        Transmutation/Earth          4
   e - Bolt of Magma                  Conjuration/Fire/Earth       5
   f - Summon Forest                  Summoning/Translocation      5
Miscellaneous
 e - a stone of tremors
 l - a stone of tremors
 A - a lamp of fire
 E - a fan of gales
 G - a fan of gales
 L - a fan of gales
Comestibles
 i - 11 beef jerkies
 n - 15 meat rations
 B - 20 bread rations


   Skills:
 O Level 27 Fighting
 O Level 27 Maces & Flails
 + Level 22.2 Armour
 - Level 13.0 Dodging
 O Level 27 Shields
 - Level 23.8 Invocations
 * Level 17.9 Evocations


You had 26 spell levels left.
You didn't know any spells.

Dungeon Overview and Level Annotations

Branches:
Dungeon (15/15)            Temple (1/1) D:7            Lair (8/8) D:10
 Shoals (4/4) Lair:6       Spider (4/4) Lair:3        Slime (6/6) Lair:7
    Orc (4/4) D:11            Elf (3/3) Orc:3        Vaults (5/5) D:14
  Crypt (3/3) Vaults:2       Tomb (3/3) Crypt:3      Depths (5/5) D:15
   Hell (1/1)                 Dis (0/7) Hell            Geh (7/7) Hell
    Coc (0/7) Hell            Tar (7/7) Hell            Zot (5/5) Depths:5

Altars:
Ashenzari
Cheibriados
Dithmenos
Elyvilon
Fedhas
Gozag
Kikubaaqudgha
Makhleb
Nemelex Xobeh
Okawaru
Qazlal
Ru
Sif Muna
Trog
Vehumet
Xom
Yredelemnul
Zin
The Shining One
Beogh

Shops:
D:4 (   D:14 ?   Orc:2 (   Orc:3 ?   Orc:4 ([*:   Elf:2 [   Elf:3 %
Vaults:4 *   Vaults:5 ?!?   Depths:5 ?

Portals:
Hell: Depths:1 Depths:2 Depths:3 Depths:4 Depths:5
Abyss: Depths:2 Depths:4
Pandemonium: Depths:3 Depths:5
Ziggurat: Depths:2

Annotations:
Geh:7 Asmodeus


Innate Abilities, Weirdness & Mutations

You are resistant to torment.
Your stone body is resilient (AC +20).
You are immune to poison.
Your large and strong wings let you fly indefinitely.
You resist negative energy.
You are resistant to electric shocks.
You can survive without breathing.
You are immune to petrification.
You are immune to rotting.
You tend to lose your temper in combat.
Your body often deteriorates upon taking damage.
You are very dopey. (Int -4)
Your magical capacity is low (-10% MP).
You are very weak. (Str -4)
Potions and wands are less effective at restoring your health.
Your spells are a little easier to cast, but a little less powerful.


Message History

Your surroundings seem slightly different.
You block the balrug's attack.
The Brimstone Fiend calls on the powers of darkness!
Your body is wracked with pain!
* * * LOW HITPOINT WARNING * * *
Asmodeus, Prince of Gehenna comes into view.
He is wielding a ruby sceptre.
Unknown command.
Read which item? (? for menu, Esc to quit)
As you read the scroll of teleportation, it crumbles to dust.
You feel strangely unstable. You block the balrug's attack.
Asmodeus drinks a potion.
Asmodeus suddenly seems more resistant.
The Brimstone Fiend calls on the powers of darkness!
Your body is wracked with pain!
* * * LOW HITPOINT WARNING * * *
A Brimstone Fiend comes into view.
You are feeling very hungry.
The Brimstone Fiend roars!
The hellion gestures at you.
The hellfire explodes!
The burst of hellfire engulfs you!
You die...

######''####''###########
#.§...≈
.'##............##'.....#
#....§≈
'''..............'''....#
#.....§
#'................'##...#
#.....≈
######################..#
#...... #########
###########'.# #......
#....... #.......##'''#
#...... #.8....
####'....8.##.'## #......
#..... '§&§''..@..##..##
#...... #....
§1§'##.2..##...# ##.....
#...# § ##2..##...#
##.... #..'##
##1..##...######...
#.'''#
#'''.##...''.####..
###'.#
#.'####...'').####. #.}#
#).# ######..|# ## #.|#
#).# ######..|# ## ###'.#
#.'####...''..####.


You could see Asmodeus, 2 Brimstone Fiends, a balrug and a hellion.

Vanquished Creatures
  the royal jelly (Slime:6)
  Ereshkigal (Tar:7)
  7 ancient liches
  5 orbs of fire
  The ghost of Fartwhistle the Cloud Mage, a legendary DsGl of Gozag (Slime:5)
  31 greater mummies
  Norris (D:13)
  Saint Roka (Depths:2)
  2 Killer Klowns (Zot:5)
  2 caustic shrikes (Depths:2)
  Geryon (Hell)
  8 golden dragons
  Nikola (Shoals:3)
  Jory (Vaults:3)
  A profane servitor (Crypt:3)
  4 bone dragons
  19 Brimstone Fiends
  13 liches
  5 electric golems
  Jorgrun (Vaults:4)
  An Ice Fiend (Geh:6)
  The ghost of WereVolvo the Impaler, an adept HOGl of Zin (Vaults:1)
  Rupert (D:13)
  24 tentacled monstrosities
  25 Orb Guardians (Zot:5)
  A Hell Sentinel (Geh:1)
  The ghost of WereVolvo the Bludgeoner, an adept OgHu of Dithmenos (Shoals:1)
  3 deep elf blademasters
  3 quicksilver dragons
  2 deep elf master archers (Elf:3)
  The ghost of CrazyArbalest the Spriggan Catapult, an adept SpEn of Gozag (Vaults:5)
  16 sphinxes
  4 titans
  Murray (Hell)
  2 tentacled starspawn (Abyss:1)
  25 acid blobs
  8 death cobs
  A kraken (Shoals:4)
  10 Shadow Fiends
  8 ancient champions
  2 eldritch tentacles
  Gastronok (D:10)
  8 shadow dragons
  Agnes (Elf:2)
  Kirke (D:14)
  9 tengu reavers
  17 storm dragons
  8 revenants
  8 draconian monks
  10 azure jellies
  Ilsuiw (Shoals:3)
  Wiglaf (Spider:2)
  Donald (D:13)
  15 frost giants
  6 draconian knights
  14 fire giants
  17 deep elf sorcerers
  6 ghost moths
  An iron dragon (Hell)
  3 draconian zealots
  2 orc warlords
  Aizul (Vaults:3)
  Louise (D:14)
  14 vault wardens
  4 emperor scorpions
  3 draconian scorchers
  3 curse skulls
  7 ghouls
  17 balrugs
  5 draconian annihilators
  8 draconian shifters
  10 ironheart preservers
  5 war gargoyles
  19 reapers
  5 vampire knights
  9 very ugly things
  5 draconian callers
  37 stone giants
  12 black draconians
  5 deep elf demonologists
  6 green draconians
  10 salamander firebrands
  6 yellow draconians
  10 deep elf annihilators (Elf:3)
  4 bennus
  2 lorocyprocas
  A salamander stormcaller (Vaults:5)
  5 white draconians
  14 red draconians
  10 purple draconians
  10 deep elf death magi
  14 mottled draconians
  The ghost of kaze the Fighter, a journeyman GrBe of Trog (D:14)
  16 ettins
  3 eidola (Crypt:3)
  Snorg (D:14)
  5 merfolk javelineers
  11 crystal guardians (Depths:4)
  4 blizzard demons (Geh:6)
  14 death oozes
  13 jiangshi
  26 fire dragons
  12 merfolk impalers
  23 mummy priests
  Josephine (Lair:8)
  28 vault guards
  4 rakshasas
  24 yaktaur captains
  15 great orbs of eyes
  7 entropy weavers
  4 quicksilver dragon zombies
  4 deep elf high priests
  25 ice dragons
  3 hell beasts
  Harold (D:10)
  13 centaur warriors
  A quicksilver dragon skeleton (Geh:7)
  11 hydras
  3 merfolk aquamancers
  6 death knights
  2 hydras (shapeshifter)
  5 merfolk avatars
  A ghost crab (Tar:1)
  8 spriggan air magi
  4 alligator snapping turtles
  4 catoblepae
  20 death yaks
  The ghost of eeldvark the Cleaver, a journeyman DsWn of Dithmenos (D:11)
  17 dancing weapons
  A queen ant (Lair:6)
  A satyr (Shoals:3)
  5 tengu warriors
  7 deep troll shamans
  4 titan zombies
  4 vampire magi
  10 spriggan berserkers
  6 deep troll earth magi
  20 sun demons
  12 ogre magi
  5 orc high priests
  4 thrashing horrors (Abyss:1)
  The ghost of Kokonut the Archer, a novice CeBe of Trog (D:8)
  37 hell knights
  Nergalle (D:10)
  4 storm dragon zombies
  14 hell hogs
  10 soul eaters
  2 fire crabs (shapeshifter)
  2 salamander mystics
  29 deep elf knights
  A fire crab (Vaults:3)
  11 shadow demons
  8 titan skeletons
  72 skeletal warriors
  A swamp dragon (shapeshifter) (Vaults:4)
  7 iron trolls
  5 shadow wraiths
  13 flayed ghosts
  3 golden dragon zombies
  20 orc knights
  4 ghost moth zombies
  A deep troll (shapeshifter) (D:15)
  5 death scarabs (Tomb:2)
  10 sea snakes
  4 anaconda zombies
  12 ironbrand convokers
  5 storm dragon skeletons
  5 unseen horrors
  29 hill giants
  5 ice devils
  2 tengu zombies
  23 deep elf summoners
  An orange crystal statue (Depths:4)
  28 deep trolls
  An orb spider (shapeshifter) (D:15)
  2 lindwurms (shapeshifter)
  5 giant orange brains
  A putrid demonspawn (Depths:5)
  16 necromancers
  5 shadow dragon zombies
  29 phantasmal warriors
  2 wizards
  A golden dragon skeleton (Geh:4)
  16 griffons
  2 wolf spider zombies
  11 orb spiders
  3 anaconda skeletons
  A harpy (shapeshifter) (Depths:2)
  33 ugly things
  3 shining eyes
  11 deep elf conjurers
  5 shadow dragon skeletons
  15 manticores
  13 anubis guards (Tomb:1)
  2 iron dragon zombies
  3 frost giant zombies
  15 salamanders
  A sixfirhy (Abyss:1)
  A sphinx skeleton (Crypt:2)
  29 cyclopes
  13 hornets
  5 fauns
  6 stone giant zombies
  3 fire giant zombies
  8 water nymphs
  12 sirens
  38 wolf spiders
  19 harpies
  8 orc sorcerers
  The ghost of kaze the Covered, a novice GrBe of Trog (D:7)
  A moth of wrath (shapeshifter) (Vaults:5)
  11 vault sentinels
  30 moths of wrath
  2 iron dragon skeletons
  A frost giant skeleton (Tomb:3)
  Maurice (D:9)
  A guardian serpent (shapeshifter) (D:11)
  21 elephants
  3 black mambas (shapeshifter)
  2 stone giant skeletons
  4 shock serpent zombies
  9 fire giant skeletons
  2 dire elephant zombies
  Joseph (D:9)
  An octopode (shapeshifter) (Vaults:1)
  A spiny frog (shapeshifter) (Vaults:4)
  An ice statue (IceCv)
  6 rust devils
  A torpor snail (Spider:4)
  2 eyes of devastation
  8 black mambas
  4 dire elephant skeletons
  An emperor scorpion zombie (Geh:6)
  4 efreet
  4 orange demons
  3 smoke demons
  8 molten gargoyles (Geh:7)
  23 hellions
  10 spiny frogs
  A yaktaur zombie (Vaults:4)
  An anaconda simulacrum (Hell)
  2 human zombies
  An apocalypse crab (Abyss:1)
  2 fire drakes (Lair:7)
  A gargoyle (D:14)
  4 komodo dragons
  11 demonic crawlers
  15 freezing wraiths
  90 yaktaurs
  A storm dragon simulacrum (Vaults:4)
  2 fire drakes (shapeshifter)
  10 blue devils
  A komodo dragon (shapeshifter) (Vaults:2)
  A catoblepas skeleton (Geh:4)
  2 shadow dragon simulacra
  5 tengu conjurers
  A silent spectre (Tar:7)
  46 guardian mummies
  A hellwing (Depths:5)
  34 merfolk
  A yaktaur skeleton (Vaults:5)
  6 ancient zymes (Abyss:1)
  A queen bee (shapeshifter) (Vaults:1)
  20 polar bears
  21 red devils
  An elf skeleton (Depths:4)
  8 hydra zombies
  3 harpy zombies
  4 tormentors
  32 jumping spiders
  10 deep elf priests
  155 slime creatures
  7 blink frogs
  11 trolls
  A sea snake skeleton (Crypt:1)
  A wind drake (shapeshifter) (Vaults:2)
  5 wind drakes
  A harpy skeleton (Geh:6)
  A slime creature (shapeshifter) (Vaults:4)
  A tarantella zombie (Crypt:2)
  4 raiju (Abyss:1)
  A troll (shapeshifter) (D:15)
  24 two-headed ogres
  An alligator zombie (Geh:1)
  7 hydra skeletons
  A snapping turtle (shapeshifter) (Vaults:5)
  6 snapping turtles
  An ice dragon zombie (Geh:7)
  4 boulder beetles
  A boulder beetle (shapeshifter) (Vaults:4)
  32 ushabtiu
  A fire dragon zombie (Geh:7)
  A trapdoor spider (shapeshifter) (Depths:1)
  9 ettin zombies
  11 water elementals
  38 wraiths
  5 ynoxinuls
  5 ettin skeletons
  19 trapdoor spiders
  72 redbacks
  An alligator skeleton (Geh:5)
  A redback (shapeshifter) (Depths:2)
  67 yaks
  104 flying skulls
  26 deep elf magi
  6 fire dragon skeletons
  2 ice dragon skeletons
  48 fire elementals
  16 humans
  20 tarantellas
  A tarantella (shapeshifter) (Depths:2)
  A black mamba skeleton (Crypt:2)
  2 golden eyes (Slime:5)
  6 vampires
  4 wyverns
  11 air elementals
  A chaos spawn (Abyss:1)
  6 hungry ghosts
  9 shadows
  A steam dragon (Lair:5)
  A fire bat (shapeshifter) (Vaults:5)
  2 fire bats (Abyss:1)
  6 spriggans
  2 mottled dragons
  The ghost of hoolish the Poker, an amateur MfGl of the Shining One (D:4)
  18 vampire mosquitoes
  2 neqoxecs (Abyss:1)
  13 hippogriffs
  29 deep elf fighters
  6 wargs
  The ghost of kaze the Shield-Bearer, an amateur GrFi (D:3)
  48 hell hounds
  A human simulacrum (Vaults:1)
  2 infernal demonspawn zombies
  2 monstrous demonspawn zombies
  9 large abominations
  A hornet simulacrum (D:15)
  16 wolves
  10 water moccasins
  A black bear (shapeshifter) (Elf:2)
  A soldier ant (shapeshifter) (Depths:5)
  11 porcupines
  16 soldier ants (Lair:6)
  4 spiny frog zombies
  Duvessa (D:7)
  8 wasps
  4 spiny frog skeletons
  A hydra simulacrum (Crypt:2)
  A spider (shapeshifter) (D:14)
  A merfolk skeleton (Tar:7)
  8 boggarts
  An ice beast (D:4)
  8 phantoms
  3 sky beasts
  7 black bears
  33 necrophages
  An elephant zombie (Lair:4)
  48 spiders
  10 eyes of draining
  A lindwurm zombie (Crypt:1)
  3 swamp dragon zombies
  53 orc warriors
  6 snapping turtle zombies
  36 centaurs
  An ettin simulacrum (Vaults:4)
  A snapping turtle skeleton (Tar:7)
  2 swamp dragon skeletons
  8 big kobolds
  An anubis guard skeleton (Crypt:1)
  A boggart (shapeshifter) (Depths:5)
  48 ogres
  A manticore skeleton (Geh:6)
  An elf zombie (Geh:6)
  14 crocodiles
  A brain worm (Abyss:1)
  A draconian skeleton (Crypt:2)
  A wyvern zombie (D:14)
  A gnoll sergeant (D:8)
  2 human skeletons
  6 wyvern skeletons (Crypt:3)
  A dryad skeleton (Crypt:1)
  22 giant frogs
  A water moccasin zombie (D:6)
  A cyclops skeleton (Crypt:1)
  A troll zombie (Geh:1)
  2 scorpions
  Dowan (D:7)
  15 killer bees
  A spriggan skeleton (Tomb:1)
  44 wights
  33 jellies
  3 quasits
  7 electric eels
  27 crimson imps
  12 hounds
  3 wasp zombies
  A centaur zombie (Crypt:3)
  3 giant frog zombies
  A basilisk zombie (Lair:4)
  3 centaur skeletons
  2 giant frog skeletons
  44 orc priests
  13 small abominations
  35 orc wizards
  9 iron imps
  6 hell rats
  11 iguanas
  42 worker ants
  Natasha (twice) (D:3)
  A killer bee zombie (D:10)
  A crocodile zombie (Lair:4)
  44 sheep
  An ogre zombie (Crypt:3)
  A tengu skeleton (Geh:7)
  A naga skeleton (Geh:1)
  3 hound skeletons
  A hound zombie (D:11)
  A tengu simulacrum (Crypt:2)
  48 mummies
  2 worker ant zombies (D:3)
  3 gnolls (D:4)
  62 river rats
  18 adders
  17 shadow imps
  19 white imps
  3 ufetubi
  An ooze (shapeshifter) (Depths:2)
  3 oozes
  2 adder zombies (D:3)
  An iguana skeleton (Crypt:2)
  4 adder skeletons
  A sheep skeleton (Crypt:1)
  A sheep zombie (Crypt:2)
  A worm (D:2)
  A worm (shapeshifter) (D:15)
  211 orcs
  2 ball pythons
  8 bats
  8 giant cockroaches
  9 goblins
  10 hobgoblins
  17 jackals
  35 kobolds
  12 quokkas
  A ball python skeleton (D:3)
  A giant cockroach zombie (D:3)
  5 giant geckos
  5 giant gecko skeletons
  A giant gecko zombie (D:7)
  5 giant newts
  A gnoll skeleton (Crypt:2)
  A jackal zombie (D:3)
  A quokka skeleton (D:8)
  2 quokka zombies (D:3)
  8 rats
  3 fungi
  A lost soul (Crypt:3)
  2 plants
4499 creatures vanquished.

Vanquished Creatures (collateral kills)
  Psyche (D:10)
1 creature vanquished.

Vanquished Creatures (others)
  A golden dragon (Zot:5)
  2 bennus (Tomb:2)
  A quicksilver dragon skeleton (Geh:7)
  An ogre mage (Depths:2)
  8 death scarabs (Tomb:2)
  A shock serpent skeleton (Geh:6)
  A guardian mummy (Tomb:2)
  A merfolk (Shoals:3)
  5 slime creatures (Slime:5)
  A shadow (Geh:1)
  9 flying skulls
  A wraith (Geh:7)
  A fire elemental (Zot:1)
  A vampire (Tar:7)
  A golden eye (Slime:5)
  A hell hound (Tar:1)
  A necrophage (Geh:7)
  An ogre (Tomb:2)
  2 wights
  An orc wizard (Vaults:2)
  2 mummies
  A river rat (Lair:3)
  A giant gecko (D:9)
  3 orcs
  A kobold zombie (Geh:7)
  4 bushes (Shoals:4)
  14 eldritch tentacle segments
  11 fungi
  8 lost souls
  27 plants
  8 starspawn tentacles (Abyss:1)
  5 starspawn tentacle segments (Abyss:1)
  4 tentacles (Shoals:4)
  16 tentacle segments (Shoals:4)
146 creatures vanquished.

Grand Total: 4646 creatures vanquished

Notes
Turn   | Place    | Note
--------------------------------------------------------------
     0 | D:1      | theElss the Gargoyle Berserker began the quest for the Orb.
     0 | D:1      | Reached XP level 1. HP: 14/14 MP: 1/1
   231 | D:1      | Reached XP level 2. HP: 13/19 MP: 2/2
   673 | D:1      | Reached XP level 3. HP: 24/24 MP: 3/3
   705 | D:1      | Reached ** piety under Trog
   902 | D:1      | Found a shadowy altar of Dithmenos.
  1062 | D:2      | Reached skill level 4 in Fighting
  1299 | D:2      | Reached XP level 4. HP: 26/29 MP: 4/4
  1769 | D:3      | Found a stormy altar of Qazlal.
  1769 | D:3      | Found a bloodstained altar of Trog.
  1811 | D:3      | Noticed kaze's ghost (amateur GrFi)
  1848 | D:4      | Noticed hoolish's ghost (amateur MfGl)
  1861 | D:5      | Entered Level 5 of the Dungeon
  1877 | D:5      | Reached XP level 5. HP: 34/34 MP: 5/5
  2017 | D:4      | Killed hoolish's ghost
  2017 | D:4      | Reached skill level 5 in Fighting
  2017 | D:4      | Reached skill level 5 in Maces & Flails
  2017 | D:4      | Reached XP level 6. HP: 40/40 MP: 6/6
  2156 | D:4      | Found Ydah's Weapon Boutique.
  2207 | D:4      | Reached *** piety under Trog
  2492 | D:4      | Reached skill level 6 in Fighting
  2521 | D:4      | Noticed an ice beast
  2539 | D:4      | Killed an ice beast
  2539 | D:4      | Reached XP level 7. HP: 45/47 MP: 7/7
  2562 | D:4      | Noticed a giant frog
  2565 | D:4      | Killed a giant frog
  2629 | D:4      | Got a translucent dagger
  2985 | D:3      | Killed kaze's ghost
  3355 | D:3      | Found a faded altar to an unknown god.
  3357 | D:3      | Reached skill level 7 in Fighting
  3502 | D:3      | Noticed Natasha
  3510 | D:3      | Killed Natasha
  3584 | D:3      | Reached **** piety under Trog
  4077 | D:5      | Noticed a black bear
  4081 | D:5      | Noticed an ogre
  4083 | D:5      | Noticed a centaur
  4092 | D:5      | Killed a black bear
  4092 | D:5      | Reached XP level 8. HP: 39/53 MP: 8/8
  4099 | D:5      | Killed an ogre
  4102 | D:5      | Noticed an ogre
  4118 | D:4      | Killed an ogre
  4297 | D:5      | Killed a centaur
  4302 | D:5      | Reached skill level 8 in Fighting
  4565 | D:5      | Found a shattered altar of Ashenzari.
  5379 | D:6      | Found a burning altar of Makhleb.
  5381 | D:6      | Noticed an Executioner
  5426 | D:6      | Found a deep blue altar of Sif Muna.
  6062 | D:7      | Found a shadowy altar of Dithmenos.
  6125 | D:7      | Found a staircase to the Ecumenical Temple.
  6168 | D:7      | Reached skill level 9 in Maces & Flails
  6168 | D:7      | Reached XP level 9. HP: 60/60 MP: 9/9
  6197 | D:7      | Noticed kaze's ghost (novice GrBe)
  6264 | D:7      | Killed kaze's ghost
  6411 | D:7      | Reached skill level 10 in Maces & Flails
  6519 | D:7      | Noticed Dowan
  6546 | D:7      | Killed Dowan
  6570 | D:7      | Noticed Duvessa
  6596 | D:7      | Killed Duvessa
  7221 | D:8      | Reached skill level 10 in Fighting
  7352 | D:8      | Reached XP level 10. HP: 40/68 MP: 10/10
  7620 | D:8      | Killed an unseen horror
  7620 | D:8      | Reached skill level 11 in Maces & Flails
  7792 | D:8      | Noticed Kokonut's ghost (novice CeBe)
  8081 | D:8      | Killed Kokonut's ghost
  8506 | D:9      | Noticed Maurice
  8533 | D:9      | Killed Maurice
  8613 | D:9      | Found a blossoming altar of Fedhas.
  8749 | D:9      | Reached skill level 12 in Maces & Flails
  8755 | D:9      | Noticed Joseph
  8776 | D:9      | Killed Joseph
  8776 | D:9      | Reached ***** piety under Trog
  8845 | D:9      | Found a sparkling altar of Nemelex Xobeh.
  9129 | D:9      | Noticed a three-headed hydra
  9139 | D:9      | Killed a three-headed hydra
  9139 | D:9      | Reached XP level 11. HP: 76/76 MP: 11/11
  9587 | D:10     | Entered Level 10 of the Dungeon
  9626 | D:10     | Noticed Nergalle
  9647 | D:10     | Killed Nergalle
  9726 | D:10     | Noticed Harold
  9739 | D:10     | Killed Harold
  9739 | D:10     | Reached skill level 13 in Maces & Flails
  9779 | D:10     | Noticed a hell beast
  9782 | D:10     | Found an ancient bone altar of Kikubaaqudgha.
  9926 | D:10     | Received a gift from Trog
 10005 | D:10     | Found a staircase to the Lair.
 10041 | D:10     | Noticed Gastronok
 10054 | D:10     | Killed Gastronok
 10070 | D:10     | Noticed Psyche
 10073 | D:10     | Killed Psyche
 10487 | D:11     | Killed an unseen horror
 10659 | D:11     | Found a staircase to the Orcish Mines.
 10737 | D:11     | Killed an unseen horror
 10737 | D:11     | Reached skill level 14 in Maces & Flails
 10804 | D:11     | Noticed eeldvark's ghost (journeyman DsWn)
 10813 | D:11     | Reached XP level 12. HP: 28/84 MP: 12/12
 11089 | D:11     | Killed eeldvark's ghost
 11706 | Lair:1   | Entered Level 1 of the Lair of Beasts
 11817 | Lair:1   | Reached skill level 1 in Shields
 12078 | Lair:1   | Noticed a five-headed hydra
 12098 | Lair:1   | Killed a five-headed hydra
 12516 | Lair:1   | Reached skill level 5 in Shields
 13779 | Lair:2   | Reached skill level 5 in Armour
 13817 | Lair:2   | Received a gift from Trog
 14113 | Lair:2   | Reached XP level 13. HP: 85/89 MP: 13/13
 14226 | Lair:3   | Found a hole to the Spider Nest.
 14286 | Lair:3   | Got a scorched bronze amulet
 15461 | Lair:4   | Identified the amulet of Huyc {rMut +Blink rElec rF-} (You found it on level 3 of the Lair of Beasts)
 15585 | Lair:2   | Got a crude great sword {god gift}
 15822 | Lair:4   | Reached skill level 10 in Shields
 16084 | Lair:4   | Reached ****** piety under Trog
 17008 | Lair:5   | Received a gift from Trog
 17025 | Lair:5   | Got a scorched eveningstar {god gift}
 17026 | Lair:5   | Identified the +12 eveningstar "Wiwaimp" {speed, rPois} (Trog gifted it to you on level 5 of the Lair of Beasts)
 17882 | Lair:6   | Found a frozen archway.
 17944 | IceCv    | Entered an ice cave
 18642 | IceCv    | Noticed a frost giant
 18654 | IceCv    | Killed a frost giant
 19017 | Lair:6   | Gained mutation: Your large and strong wings let you fly indefinitely. [Gargoyle growth]
 19017 | Lair:6   | Reached XP level 14. HP: 89/95 MP: 14/14
 19105 | Lair:6   | Received a gift from Trog
 19627 | Lair:6   | Reached skill level 15 in Maces & Flails
 19903 | Lair:6   | Found a staircase to the Shoals.
 20409 | Lair:7   | Found a staircase to the Slime Pits.
 20464 | Lair:7   | Reached skill level 10 in Armour
 20480 | Lair:7   | Received a gift from Trog
 21312 | Lair:8   | Entered Level 8 of the Lair of Beasts
 21826 | Lair:8   | Reached XP level 15. HP: 100/100 MP: 15/15
 22048 | Lair:8   | Reached skill level 1 in Evocations
 22083 | Lair:8   | Noticed Josephine
 22113 | Lair:8   | Killed Josephine
 22331 | Lair:8   | Reached skill level 5 in Evocations
 22339 | Lair:8   | Received a gift from Trog
 22929 | Lair:8   | Got an ancient crystal plate armour
 22940 | Lair:8   | Identified the +8 crystal plate armour of Ashenzari's Reproof {+Blink} (You found it on level 8 of the Lair of Beasts)
 23253 | D:10     | Killed a hell beast
 24522 | D:14     | Found a gate to the Vaults.
 24522 | D:14     | Noticed Donald
 24522 | D:14     | Noticed Rupert
 24522 | D:14     | Noticed Norris
 24538 | D:13     | Killed Rupert
 24553 | D:13     | Killed Norris
 24553 | D:13     | Received a gift from Trog
 24631 | D:13     | Killed Donald
 24637 | D:13     | Reached skill level 10 in Evocations
 24666 | D:14     | Reached XP level 16. HP: 101/106 MP: 23/23
 24730 | D:14     | Noticed Snorg
 24743 | D:14     | Killed Snorg
 24757 | D:14     | Found Bilegawn's Magic Scroll Shop.
 24757 | D:14     | Noticed kaze's ghost (journeyman GrBe)
 24770 | D:14     | Killed kaze's ghost
 24774 | D:14     | Bought a scroll of magic mapping for 49 gold pieces
 24774 | D:14     | Bought a scroll of recharging for 133 gold pieces
 24774 | D:14     | Bought a scroll of enchant armour for 105 gold pieces
 24774 | D:14     | Bought a scroll of fog for 28 gold pieces
 24774 | D:14     | Bought a scroll of noise for 14 gold pieces
 24774 | D:14     | Bought a scroll of identify for 28 gold pieces
 24774 | D:14     | Bought a scroll of identify for 28 gold pieces
 24774 | D:14     | Bought a scroll of identify for 28 gold pieces
 24774 | D:14     | Bought a scroll of teleportation for 42 gold pieces
 24985 | D:14     | Noticed Louise
 24997 | D:14     | Cast into the Abyss (Louise)
 25041 | Abyss:1  | Noticed a tentacled starspawn
 25048 | Abyss:1  | Killed a tentacled starspawn
 25215 | Abyss:1  | Noticed a tentacled starspawn
 25235 | Abyss:1  | Killed a tentacled starspawn
 25311 | Abyss:1  | Gained mutation: Potions and wands are less effective at restoring your health. [a neqoxec]
 25312 | Abyss:1  | Gained mutation: You are weak. (Str -2) [a neqoxec]
 25801 | D:14     | Escaped the Abyss
 25822 | D:14     | Killed Louise
 26159 | D:14     | Received a gift from Trog
 26193 | D:14     | Noticed Kirke
 26200 | D:14     | Killed Kirke
 26795 | D:15     | Entered Level 15 of the Dungeon
 27127 | D:15     | Reached skill level 16 in Maces & Flails
 27531 | D:15     | Found a staircase to the Depths.
 27570 | D:15     | Reached XP level 17. HP: 112/112 MP: 26/26
 28040 | D:15     | Received a gift from Trog
 28341 | Orc:1    | Entered Level 1 of the Orcish Mines
 28421 | Orc:1    | Found a roughly hewn altar of Beogh.
 28791 | Orc:2    | Found Punekh's Antique Weapon Boutique.
 29360 | Orc:3    | Found a staircase to the Elven Halls.
 29468 | Orc:3    | Received a gift from Trog
 29644 | Orc:3    | Found Antaq's Magic Scroll Shoppe.
 29697 | Orc:3    | Bought a scroll of enchant weapon for 90 gold pieces
 29854 | Orc:4    | Entered Level 4 of the Orcish Mines
 29854 | Orc:4    | Found a roughly hewn altar of Beogh.
 30238 | Orc:3    | Received a gift from Trog
 30238 | Orc:3    | Reached skill level 15 in Fighting
 30738 | Orc:4    | Received a gift from Trog
 30969 | Orc:4    | Reached skill level 17 in Maces & Flails
 31102 | Orc:4    | Found Watyti Asusa's General Store.
 31103 | Orc:4    | Found Cisugebb's Book Shop.
 31104 | Orc:4    | Found Kezxumil's Antique Armour Shop.
 31104 | Orc:4    | Found Woarod's Antique Weapon Boutique.
 31108 | Orc:4    | Bought a pair of embroidered boots for 153 gold pieces
 31108 | Orc:4    | Bought a runed helmet for 153 gold pieces
 31401 | Spider:1 | Entered Level 1 of the Spider Nest
 31509 | Spider:1 | Received a gift from Trog
 32190 | Spider:2 | Received a gift from Trog
 32659 | Spider:2 | Reached skill level 18 in Maces & Flails
 33056 | Spider:3 | Noticed Wiglaf
 33095 | Spider:2 | Killed Wiglaf
 33352 | Spider:3 | Reached XP level 18. HP: 120/120 MP: 27/27
 33615 | Spider:4 | Entered Level 4 of the Spider Nest
 33688 | Spider:4 | Received a gift from Trog
 34525 | Spider:4 | Received a gift from Trog
 34537 | Spider:4 | Reached skill level 19 in Maces & Flails
 34734 | Spider:4 | Got a gossamer rune of Zot
 35266 | Shoals:1 | Entered Level 1 of the Shoals
 35449 | Shoals:1 | Noticed WereVolvo's ghost (adept OgHu)
 35467 | Shoals:1 | Killed WereVolvo's ghost
 36550 | Shoals:2 | Received a gift from Trog
 37246 | Shoals:3 | Noticed Ilsuiw
 37356 | Shoals:3 | Killed Ilsuiw
 37489 | Shoals:2 | Reached XP level 19. HP: 119/128 MP: 28/28
 37589 | Shoals:3 | Reached skill level 20 in Maces & Flails
 37657 | Shoals:3 | Received a gift from Trog
 37776 | Shoals:3 | Noticed Nikola
 37793 | Shoals:3 | Killed Nikola
 38293 | Shoals:4 | Entered Level 4 of the Shoals
 38391 | Shoals:4 | Got a crude cloak
 38402 | Shoals:4 | Identified the +0 cloak of Muegot {rC+ MR++ Str+3 Stlth+} (You found it on level 4 of the Shoals)
 38762 | Shoals:4 | Got an ichor-stained robe
 38805 | Shoals:4 | Received a gift from Trog
 39587 | Shoals:4 | Reached skill level 21 in Maces & Flails
 39628 | Shoals:4 | Got a transparent glass ring
 40133 | Shoals:4 | Got a barnacled rune of Zot
 40158 | Shoals:4 | Identified the ring "Zahuxt" {rElec rPois Str-4 Int+4 Dex+3} (You found it on level 4 of the Shoals)
 40569 | Vaults:1 | Entered Level 1 of the Vaults
 40684 | Vaults:1 | Noticed WereVolvo's ghost (adept HOGl)
 40690 | Vaults:1 | Received a gift from Trog
 40707 | Vaults:1 | Killed WereVolvo's ghost
 41011 | Vaults:1 | Reached XP level 20. HP: 137/137 MP: 29/29
 41548 | Vaults:1 | Received a gift from Trog
 42276 | Vaults:1 | Reached skill level 22 in Maces & Flails
 43332 | Vaults:2 | Received a gift from Trog
 43382 | Vaults:2 | Found a staircase to the Crypt.
 44242 | Vaults:3 | Noticed Aizul
 44259 | Vaults:3 | Killed Aizul
 44474 | Vaults:3 | Received a gift from Trog
 44532 | Vaults:3 | Reached XP level 21. HP: 112/144 MP: 30/30
 44594 | Vaults:3 | Noticed Jory
 44604 | Vaults:3 | Killed Jory
 44700 | Vaults:3 | Found a roughly hewn altar of Beogh.
 45491 | Vaults:4 | Reached skill level 23 in Maces & Flails
 45605 | Vaults:4 | Received a gift from Trog
 46088 | Vaults:4 | Noticed Jorgrun
 46105 | Vaults:4 | Killed Jorgrun
 46279 | Vaults:4 | Found a portal to a secret trove of treasure.
 46337 | Vaults:4 | Found Fuosinog's Assorted Antiques.
 46478 | Vaults:4 | Identified a scroll of acquirement
 46502 | Vaults:4 | Received a gift from Trog
 47266 | Elf:1    | Entered Level 1 of the Elven Halls
 47503 | Elf:1    | Reached skill level 24 in Maces & Flails
 47660 | Elf:1    | Received a gift from Trog
 47711 | Elf:1    | Identified the Collected Works on Companions
 48009 | Elf:2    | Found a runed gate.
 48009 | Elf:2    | Found a runed gate.
 48021 | Elf:2    | Found a runed gate.
 48057 | Elf:2    | Found Qezxecut's Antique Armour Boutique.
 48086 | Elf:2    | Found an ancient bone altar of Kikubaaqudgha.
 48571 | Elf:2    | Reached XP level 22. HP: 127/152 MP: 31/31
 48754 | Elf:2    | Noticed Agnes
 48767 | Elf:2    | Killed Agnes
 48935 | Elf:2    | Received a gift from Trog
 49077 | Elf:3    | Entered Level 3 of the Elven Halls
 49172 | Elf:3    | Found Sadogull's Food Shoppe.
 50060 | Elf:3    | Reached skill level 25 in Maces & Flails
 50129 | Elf:3    | Got a fine flail {freeze}
 50130 | Elf:3    | Identified the cursed +1 flail of Zaan {freeze, Int+4 Dex+2} (You took it off a deep elf knight on level 3 of the Elven Halls)
 50241 | Elf:3    | Received a gift from Trog
 50413 | Elf:3    | Got a wavering bronze ring
 50759 | Elf:3    | Received a gift from Trog
 51294 | Elf:3    | Got an uncursed warped hand axe {flame}
 51344 | Elf:3    | Got a smoking rapier {freeze}
 51356 | Elf:3    | Got a fine scimitar {freeze}
 51389 | Elf:3    | Got a twisted flail {god gift}
 51729 | Spider:4 | Got a shimmering demon whip {god gift}
 51902 | Lair:2   | Identified the +2 scimitar "Dottaaki" {freeze, Int+4} (You took it off a deep elf annihilator on level 3 of the Elven Halls)
 51903 | Lair:2   | Identified the +3 flail of Trog's Wrath {crush, +Fly Int+5 Dex-2 SInv} (Trog gifted it to you on level 3 of the Elven Halls)
 51904 | Lair:2   | Identified the +9 rapier of Buafumn {freeze, rElec rC++} (You took it off a deep elf sorcerer on level 3 of the Elven Halls)
 51905 | Lair:2   | Identified the +4 hand axe "Testudineslayer" {flame, Int+2} (You took it off a deep elf knight on level 3 of the Elven Halls)
 51941 | Lair:2   | Identified the ring "Adopsiut" {rPois MR- MP+9 Dex+3} (You took it off a deep elf sorcerer on level 3 of the Elven Halls)
 52148 | Elf:3    | Got an ancient wooden ring
 52190 | Elf:3    | Identified the ring "Xavihuqo" {SustAt +Blink rF+ Stlth+} (You took it off a deep elf summoner on level 3 of the Elven Halls)
 52446 | Lair:2   | Identified the +4 demon whip "Tysevyez" {vamp, Str+3} (Trog gifted it to you on level 4 of the Spider Nest)
 52663 | Depths:1 | Entered Level 1 of the Depths
 52776 | Depths:1 | Found a gateway to Hell.
 52826 | Depths:1 | Reached skill level 26 in Maces & Flails
 53023 | Depths:1 | Got a faintly glowing silver ring
 53191 | Depths:1 | Received a gift from Trog
 53201 | Depths:1 | Reached XP level 23. HP: 145/156 MP: 32/32
 53714 | Depths:1 | Identified the ring of Vadaqois {SustAt +Fly Dex+6} (You found it on level 1 of the Depths)
 53985 | Depths:2 | Received a gift from Trog
 53986 | Depths:2 | Found a one-way gate to the infinite horrors of the Abyss.
 53986 | Depths:2 | Found a gateway to a ziggurat.
 54150 | Depths:2 | Noticed Saint Roka
 54182 | Depths:2 | Killed Saint Roka
 54447 | Depths:2 | Found a sacrificial altar of Ru.
 54448 | Depths:2 | Found an iron altar of Okawaru.
 54448 | Depths:2 | Found an opulent altar of Gozag.
 54859 | Depths:2 | Received a gift from Trog
 54889 | Depths:2 | Got a sparkling steel ring
 55118 | Depths:2 | Received a gift from Trog
 55192 | Depths:2 | Reached skill level 15 in Shields
 55426 | Depths:2 | Identified the ring "Femak" {rPois rF++ Dex-5} (You took it off a tengu reaver on level 2 of the Depths)
 56368 | D:3      | Noticed Natasha
 56372 | D:3      | Killed Natasha
 57095 | D:15     | Reached XP level 24. HP: 157/166 MP: 32/32
 57282 | Depths:2 | Identified Haoseudgh's Collected Works on Aerial Confrontation (You found it on level 2 of the Depths)
 57435 | Depths:3 | Received a gift from Trog
 57730 | Depths:3 | Found a one-way gate leading to the halls of Pandemonium.
 58158 | Depths:3 | Received a gift from Trog
 58990 | Depths:3 | Identified the Incunabulum of Creative Execration (You found it on level 3 of the Depths)
 59582 | Vaults:4 | Bought a scroll of blinking for 187 gold pieces
 59605 | Vaults:4 | You paid a toll of 4 scrolls of blinking to enter a treasure trove
 59606 | Trove    | Entered a treasure trove
 59614 | Trove    | Got a slimy large shield
 59621 | Trove    | Got a shimmering scale mail
 59627 | Trove    | Got a pair of warped boots
 59629 | Trove    | Got a pair of jewelled boots
 59638 | Trove    | Got a slimy plate armour
 59662 | Vaults:4 | Identified the +0 large shield "Ciz Jufe" {MR+ Str+4 Dex-5} (You found it in a treasure trove)
 59672 | Vaults:4 | Identified a +1 pair of boots of running (You found it in a treasure trove)
 59682 | Vaults:4 | Identified the +0 pair of boots "Rietsisk" {MR- Str+6 Dex+2 SInv} (You found it in a treasure trove)
 59692 | Vaults:4 | Identified the +3 pair of boots of the Lotus Blossom {Str+6 Dex+6} (You found it in a treasure trove)
 59712 | Vaults:4 | Identified the +9 plate armour of the Onion {rPois} (You found it in a treasure trove)
 60436 | Depths:4 | Received a gift from Trog
 61684 | Depths:4 | Reached XP level 25. HP: 164/175 MP: 32/32
 61961 | Depths:4 | Received a gift from Trog
 62065 | Depths:4 | Found a deep blue altar of Sif Muna.
 63718 | Depths:5 | Entered Level 5 of the Depths
 63851 | Depths:5 | Reached skill level 15 in Armour
 64127 | Depths:5 | Found Jaseff's Magic Scroll Boutique.
 64348 | Depths:5 | Bought a scroll of teleportation for 30 gold pieces
 64696 | Depths:5 | Received a gift from Trog
 65121 | Depths:5 | Received a gift from Trog
 65142 | Depths:5 | Found a gate to the Realm of Zot.
 65541 | Depths:5 | Bought a scroll of enchant armour for 75 gold pieces
 65541 | Depths:5 | Bought a scroll of enchant armour for 75 gold pieces
 65541 | Depths:5 | Bought a scroll of enchant armour for 75 gold pieces
 65891 | Orc:3    | Bought a scroll of enchant armour for 90 gold pieces
 65891 | Orc:3    | Bought 3 scrolls of enchant armour for 270 gold pieces
 65943 | Orc:4    | Bought a scroll of enchant armour for 127 gold pieces
 66957 | Vaults:5 | Entered Level 5 of the Vaults
 67258 | Vaults:4 | Received a gift from Trog
 67359 | Vaults:5 | Noticed an ancient lich
 67404 | Vaults:5 | Noticed CrazyArbalest's ghost (adept SpEn)
 67410 | Vaults:4 | Killed an ancient lich
 67410 | Vaults:4 | Reached XP level 26. HP: 184/184 MP: 32/32
 67691 | Vaults:5 | Killed CrazyArbalest's ghost
 67996 | Vaults:5 | Received a gift from Trog
 68531 | Vaults:5 | Found Qemu's Magic Scroll Boutique.
 68561 | Vaults:5 | Found Biqeutz's Magic Scroll Shoppe.
 68561 | Vaults:5 | Found Teahiux's Distillery.
 68898 | Vaults:5 | Received a gift from Trog
 69646 | Vaults:5 | Identified Tyamanwi's Collected Works on Dislocation (You found it on level 5 of the Vaults)
 69710 | Vaults:5 | Got a silver rune of Zot
 69937 | Temple   | Entered the Ecumenical Temple
 70002 | Temple   | Fell from the grace of Trog
 70002 | Temple   | Became a worshipper of the Shining One
 70154 | Crypt:1  | Entered Level 1 of the Crypt
 70550 | Crypt:1  | Reached * piety under the Shining One
 71108 | Crypt:1  | Reached ** piety under the Shining One
 71123 | Crypt:1  | Reached XP level 27. HP: 194/194 MP: 32/32
 71413 | Crypt:1  | Reached *** piety under the Shining One
 71609 | Crypt:2  | Reached **** piety under the Shining One
 71735 | Crypt:2  | Reached ***** piety under the Shining One
 72348 | Crypt:3  | Entered Level 3 of the Crypt
 72807 | Crypt:3  | Reached ****** piety under the Shining One
 73029 | Crypt:3  | Found a staircase to the Tomb.
 73262 | Crypt:3  | Found a basalt altar of Yredelemnul.
 73488 | Crypt:3  | Reached skill level 27 in Fighting
 73494 | Crypt:3  | Reached skill level 1 in Invocations
 73544 | Crypt:3  | Got a steaming wooden ring
 73544 | Crypt:3  | Got a faintly glowing ruby amulet
 73550 | Crypt:3  | Got a faintly glowing bone ring
 73915 | Crypt:3  | Reached skill level 5 in Invocations
 74577 | Crypt:3  | Got a slimy granite ring
 75082 | Lair:2   | Identified the ring of Undoing {rC+ rN+ Str+2 Dex+4} (You took it off a death knight on level 3 of the Crypt)
 75092 | Lair:2   | Identified the ring of Arrival {SustAt rF+ SInv} (You found it on level 3 of the Crypt)
 75094 | Lair:2   | Identified the ring of the Falcon {*Drain rN+ Slay+2 SInv} (You found it on level 3 of the Crypt)
 75096 | Lair:2   | Identified the amulet of Xuhuefes {Ward *Confuse rElec rN+ MP+9 Stlth+} (You found it on level 3 of the Crypt)
 75593 | Tomb:1   | Entered Level 1 of the Tomb of the Ancients
 75850 | Tomb:1   | Reached skill level 10 in Invocations
 76166 | Tomb:1   | Noticed an ancient lich
 76208 | Tomb:1   | Killed an ancient lich
 76926 | Tomb:2   | Noticed an ancient lich
 76935 | Tomb:2   | Noticed an ancient lich
 76943 | Tomb:1   | Killed an ancient lich
 77682 | Tomb:1   | Killed an ancient lich
 79434 | Tomb:2   | Reached skill level 15 in Invocations
 79439 | Tomb:2   | Was forgiven by Trog
 79929 | Tomb:1   | Reached skill level 5 in Dodging
 82425 | Tomb:1   | Reached skill level 10 in Dodging
 82917 | Tomb:3   | Entered Level 3 of the Tomb of the Ancients
 84057 | Tomb:3   | Got a transparent cloak
 84068 | Tomb:3   | Identified the +0 cloak "Jeoxiroh" {rElec rPois rN+ Slay+3} (You found it on level 3 of the Tomb of the Ancients)
 84639 | Tomb:3   | Noticed an ancient lich
 84651 | Tomb:3   | Killed an ancient lich
 84982 | Tomb:3   | Got a golden rune of Zot
 86355 | Tomb:3   | Got a bloodstained morningstar
 86368 | Tomb:3   | Got a twisted hand axe
 86370 | Tomb:3   | Got a bone battleaxe
 86374 | Tomb:3   | Identified the Tome of Execration
 86406 | Tomb:3   | Got a dull robe
 87196 | Lair:2   | Identified the +7 morningstar "Duagamaf" {pain, rC+ Int-3 Dex+3 Stlth+} (You found it on level 3 of the Tomb of the Ancients)
 87197 | Lair:2   | Identified the +4 hand axe of Miomi {venom, rElec Int+2} (You found it on level 3 of the Tomb of the Ancients)
 87701 | Zot:1    | Entered Level 1 of the Realm of Zot
 87974 | Zot:1    | Noticed an orb of fire
 87974 | Zot:1    | Gained mutation: Your body sometimes deteriorates upon taking damage. [an orb of fire]
 87985 | Zot:1    | Killed an orb of fire
 91420 | Zot:4    | Paralysed by the power of Zot for 4 turns
 92415 | Zot:5    | Entered Level 5 of the Realm of Zot
 93043 | Zot:5    | Noticed an ancient lich
 93051 | Zot:5    | Killed an ancient lich
 93051 | Zot:5    | Reached skill level 27 in Maces & Flails
 93116 | Zot:5    | Noticed an orb of fire
 93164 | Zot:5    | Noticed an orb of fire
 93175 | Zot:5    | Killed an orb of fire
 93188 | Zot:5    | Killed an orb of fire
 93198 | Zot:5    | Noticed an orb of fire
 93200 | Zot:5    | Gained mutation: You are dopey. (Int -2) [an orb of fire]
 93216 | Zot:5    | Killed an orb of fire
 93577 | Zot:5    | Noticed an ancient lich
 93579 | Zot:5    | Noticed an orb of fire
 93730 | Zot:5    | Killed an ancient lich
 94045 | Zot:5    | Gained mutation: Your spells are a little easier to cast, but a little less powerful. [an orb of fire]
 94050 | Zot:5    | Killed an orb of fire
 95288 | Slime:1  | Entered Level 1 of the Pits of Slime
 95293 | Slime:1  | Gained mutation: You are very weak. (Str -4) [a shining eye]
 98163 | Slime:5  | Noticed Fartwhistle's ghost (legendary DsGl)
 98211 | Slime:5  | Killed Fartwhistle's ghost
 98864 | Slime:6  | Entered Level 6 of the Pits of Slime
 99460 | Slime:6  | Noticed the royal jelly
100355 | Slime:6  | Killed the royal jelly
100978 | Slime:6  | Got a bound silver ring
100980 | Slime:6  | Got a faintly glowing great mace
101040 | Slime:6  | Identified the ring "Dempyom Gati" {rElec MR- Dex+2 Slay+5} (You found it on level 6 of the Pits of Slime)
101118 | Slime:6  | Got a slimy rune of Zot
101211 | Slime:6  | Identified Sif Muna's Compendium of Necromancy and the Frostbite (You found it on level 6 of the Pits of Slime)
101684 | Hell     | Entered the Vestibule of Hell
101684 | Hell     | Noticed Geryon
102174 | Hell     | Killed Geryon
102174 | Hell     | Reached skill level 15 in Evocations
102226 | Hell     | Found a gateway to the ashen valley of Gehenna.
102324 | Hell     | Found a gateway to the decaying netherworld of Tartarus.
102527 | Hell     | Found a gateway to the Iron City of Dis.
102535 | Hell     | Noticed Murray
102553 | Hell     | Killed Murray
102644 | Hell     | Found a gateway to the freezing wastes of Cocytus.
102900 | Tar:1    | Entered Level 1 of Tartarus
104180 | Tar:7    | Entered Level 7 of Tartarus
104292 | Tar:7    | Gained mutation: You are very dopey. (Int -4) [mutagenic glow]
105207 | Tar:7    | Noticed Ereshkigal
105247 | Tar:7    | Killed Ereshkigal
105532 | Tar:7    | Got a bone rune of Zot
105764 | Geh:1    | Entered Level 1 of Gehenna
105835 | Geh:1    | Found a huge runed gate.
105835 | Geh:1    | Found a huge runed gate.
105836 | Geh:1    | Found a huge runed gate.
105841 | Geh:1    | Found a huge runed gate.
105841 | Geh:1    | Found a huge runed gate.
105842 | Geh:1    | Found a huge runed gate.
105843 | Geh:1    | Found a huge runed gate.
105847 | Geh:1    | Found a huge runed gate.
106343 | Geh:1    | Found a huge runed gate.
106344 | Geh:1    | Found a huge runed gate.
106344 | Geh:1    | Found a huge runed gate.
106351 | Geh:1    | Found a huge runed gate.
106481 | Geh:1    | Gained mutation: Your magical capacity is low (-10% MP). [mutagenic glow]
106502 | Geh:1    | Gained mutation: You tend to lose your temper in combat. [mutagenic glow]
106665 | Geh:1    | Gained mutation: Your body often deteriorates upon taking damage. [mutagenic glow]
108294 | Geh:7    | Entered Level 7 of Gehenna
108350 | Geh:7    | Reached skill level 27 in Shields
109482 | Geh:7    | Identified the Tome of Displaced Clay
109564 | Geh:7    | Got an iridescent mace
109575 | Geh:7    | Identified the cursed +1 mace of a volcano {pain, rF+} (You found it on level 7 of Gehenna)
109873 | Geh:7    | Noticed Asmodeus
109874 | Geh:7    | Killed from afar by a hellion

Action                   |  1- 3 |  4- 6 |  7- 9 | 10-12 | 13-15 | 16-18 | 19-21 | 22-24 | 25-27 || total
-------------------------+-------+-------+-------+-------+-------+-------+-------+-------+-------++-------
Melee: Mace              |   159 |    79 |       |       |       |       |       |       |       ||   238
       Whip              |       |   121 |   585 |   914 |   516 |       |       |       |       ||  2136
       Dire flail        |       |       |       |   231 |       |       |       |       |       ||   231
       Eveningstar       |       |       |       |       |  1072 |  2241 |  2030 |  1860 |  7990 || 15193
Invok: Berserk           |       |     2 |     3 |     9 |     2 |     4 |       |     3 |     1 ||    24
       Trog's Hand       |       |       |     3 |     1 |       |       |       |     4 |       ||     8
       Brothers in Arms  |       |       |       |     1 |       |       |       |     1 |       ||     2
       Cleansing Flame   |       |       |       |       |       |       |       |       |     4 ||     4
       Divine Shield     |       |       |       |       |       |       |       |       |     3 ||     3
       Summon Divine War |       |       |       |       |       |       |       |       |     2 ||     2
 Abil: Fly               |       |       |       |       |     1 |       |       |       |       ||     1
       Evoke Blink       |       |       |       |       |       |       |       |       |     2 ||     2
       Evoke Berserk Rag |       |       |       |       |       |       |       |       |     2 ||     2
Evoke: Wand              |       |       |       |       |       |       |       |       |     4 ||     4
  Use: Scroll            |       |       |     5 |     6 |     4 |     9 |     6 |     4 |    21 ||    55
       Potion            |       |       |       |     1 |       |       |       |     2 |     4 ||     7
 Stab: Sleeping          |     1 |       |       |       |       |       |       |       |       ||     1
       Petrified         |       |       |       |       |     1 |       |       |       |       ||     1
       Distracted        |       |       |       |       |       |       |       |       |     1 ||     1
  Eat: Chunk             |     2 |     6 |    16 |    32 |    36 |    42 |    41 |    55 |   124 ||   354
       Beef jerky        |       |       |     1 |     1 |     1 |     2 |       |       |     1 ||     6
       Royal jelly       |       |       |     1 |       |       |     1 |       |       |     1 ||     3
       Meat ration       |       |       |       |       |       |     1 |       |       |    15 ||    16
       Fruit             |       |       |       |       |       |       |       |     1 |     2 ||     3
       Bread ration      |       |       |       |       |       |       |       |     1 |     1 ||     2
       Pizza             |       |       |       |       |       |       |       |     1 |       ||     1
